 Dungeon Crawl Stone Soup version 0.19.0-19-g8c6edcc (webtiles) character file.

48 Bluestream the Shield-Bearer (level 3, -5/33 HPs)
             Began as a Minotaur Fighter on Nov 13, 2016.
             Killed by nerve-wracking pain
             ... invoked by Jessica
              (10 damage)
             ... on level 1 of the Dungeon.
             The game lasted 00:00:50 (620 turns).

Bluestream the Shield-Bearer (Minotaur Fighter)      Turns: 620, Time: 00:00:51

Health: -5/33      AC:  7    Str: 20    XL:     3   Next: 50%
Magic:  2/2        EV:  4    Int:  5    God:
Gold:   100        SH:  9    Dex: 10    Spells: 0 memorised, 2 levels left

rFire  . . .     SeeInvis .     a - +0 flail
rCold  . . .     Gourm    .     b - +0 scale mail
rNeg   . . .     Faith    .     c - +0 shield
rPois  .         Spirit   .     (helmet restricted)
rElec  .         Reflect  .     (no cloak)
rCorr  .         Harm     .     (no gloves)
MR     .....                    (no boots)
Stlth  ..........               (no amulet)
                                (no ring)
                                (no ring)

@: constricted
A: retaliatory headbutt, horns 2
a: no special abilities


You were on level 1 of the Dungeon.
You were not hungry.

You visited 1 branch of the dungeon, and saw 2 of its levels.

You collected 100 gold pieces.

Inventory:

Hand Weapons
 a - a +0 flail (weapon)
Armour
 b - a +0 scale mail (worn)
 c - a +0 shield (worn)
Jewellery
 k - an uncursed ring of stealth {unknown}
 l - a cursed -3 ring of strength {unknown}
Scrolls
 h - a scroll of immolation {unknown}
 i - a scroll of fog {unknown}
Potions
 d - a potion of might
 e - 2 potions of flight {unknown}
 m - a potion of brilliance {unknown}
Comestibles
 f - 2 bread rations
 g - 6 chunks of flesh
 j - a beef jerky


   Skills:
 + Level 3.9 Fighting
 * Level 3.5 Maces & Flails
 + Level 4.1 Armour
 + Level 4.2 Shields


You had 2 spell levels left.
You didn't know any spells.

Dungeon Overview and Level Annotations

Branches:
Dungeon (2/15)

Altars:
Kikubaaqudgha

Annotations:
D:1 Jessica


Innate Abilities, Weirdness & Mutations

You reflexively headbutt those who attack you in melee.
You have a pair of horns on your head.


Message History

You block the slug dart. The dart slug barely misses you.
You furiously retaliate!
You headbutt the dart slug.
There is a stone staircase leading up here.
You block the gnoll's attack.
The ball python bites you but does no damage.
The ball python barely misses you. Jessica barely misses you.
The dart slug bites you.
* * * LOW HITPOINT WARNING * * *
You climb upwards.
There is a stone staircase leading down here.
You hit Jessica.
Jessica is lightly wounded.
You block the ball python's attack. The ball python grabs you.
* * * LOW HITPOINT WARNING * * *
The ball python constricts you. Jessica hits you but does no damage.
The ball python barely misses you. The ball python constricts you.
Jessica gestures at you while chanting. Pain shoots through your body!
You die...

#######.##...##).######
#...##...##'###..##...##
######
.....#.#.........#.....#
#.....
.....'.####⌠##...'.....#
#..... .....###
####...#.....# #.....
#...## ##...##...##
#..... ##### #.....#####
#.....
#.#.S.##########....(
#.#@@................
#.#w#.##########.####
#.#.#.# #.# #.#.#.# #(#
######.#.#.# #.#
#......#.#.# #.#
#.######.#.# #.#
#.#......#.# #.#
#.#........# #.#


You could see a dart slug, Jessica and a ball python.

Vanquished Creatures
  2 gnolls (D:2)
  3 dart slugs (D:1)
  A leopard gecko (D:1)
  3 bats (D:1)
  3 giant cockroaches (D:1)
  2 goblins (D:1)
  A hobgoblin (D:1)
  A jackal (D:1)
  A kobold (D:1)
  A frilled lizard (D:1)
  4 rats (D:1)
22 creatures vanquished.

Notes
Turn   | Place    | Note
-------+----------+-------------------------------------------
     0 | D:1      | Bluestream the Minotaur Fighter began the quest for the Orb.
     0 | D:1      | Reached XP level 1. HP: 19/19 MP: 0/0
    66 | D:1      | Reached XP level 2. HP: 21/27 MP: 1/1
   606 | D:2      | Found an ancient bone altar of Kikubaaqudgha.
   606 | D:2      | Noticed Jessica
   610 | D:2      | Reached XP level 3. HP: 29/33 MP: 2/2
   620 | D:1      | Killed from afar by Jessica

Skill      XL: |  1  2 |
---------------+-------+-----
Maces & Flails | 3 |  3.5
Shields        | 4 |  4.2
Armour         | 4 |  4.1
Fighting       | |  3.9

Action                   || total
-------------------------++-------
Melee: Flail             ||    63
       Headbutt          ||     9
Armor: Scale mail        ||    46
Dodge: Dodged            ||    22
Block: Shield            ||    40
